 Dungeon Crawl Stone Soup version 0.30-a0-723-gc1506a1cf0 (webtiles) character file.

Game seed: 16809684831074968151

51 hbarley the Trooper (level 3, -1/33 HPs)
             Began as a Hill Orc Wanderer on Jan 28, 2023.
             Killed by divine providence
             ... invoked by an orc priest
              (15 damage)
             ... on level 3 of the Dungeon.
             The game lasted 00:07:24 (1378 turns).

hbarley the Trooper (Hill Orc Wanderer)             Turns: 1378, Time: 00:07:25

Health: -1/33      AC:  3    Str: 16    XL:     3   Next: 83%
Magic:  3/3        EV: 11    Int:  9    God:
Gold:   87         SH:  0    Dex: 13    Spells: 2/2 levels left

rFire   . . .      SeeInvis .    a - +3 short sword
rCold   . . .      Faith    .    (no shield)
rNeg    . . .      Spirit   .    d - +0 leather armour
rPois   .          Reflect  .    (no helmet)
rElec   .          Harm     .    (no cloak)
rCorr   .          Rampage  .    (no gloves)
Will    .....                    (no boots)
Stlth   +                        (no amulet)
HPRegen 0.25/turn                (no ring)
MPRegen 0.08/turn                (no ring)

@: no status effects
A: no striking features
a: Convert to Beogh


You were on level 3 of the Dungeon.
You visited 1 branch of the dungeon, and saw 3 of its levels.

You collected 87 gold pieces.

Inventory:

Hand Weapons
 a - a +3 short sword (weapon)
 b - a +0 sling
 j - a +1 heavy spear
Armour
 d - a +0 leather armour (worn)
 f - a +0 leather armour
Scrolls
 c - a scroll of blinking
 g - a scroll of magic mapping {unknown}
 h - a scroll of silence {unknown}
 i - 2 scrolls of amnesia {unknown}
 l - a scroll of identify {unknown}
Potions
 e - 2 potions of curing {unknown}
 k - 2 potions of heal wounds {unknown}
 m - a potion of brilliance {unknown}


   Skills:
 + Level 4.2 Fighting
 + Level 2.7 Short Blades
 + Level 3.2 Ranged Weapons
 + Level 1.4 Armour
 + Level 0.1 Dodging
 + Level 1.1 Stealth


You had 2 spell levels left.
You didn't know any spells.
Your spell library was empty.

Dungeon Overview and Level Annotations

Branches:
Dungeon (3/15)

Altars:

Annotations:
D:2 Sigmund


Message History

You hear a shout!
A goblin comes into view. It is wielding a +1 heavy sling.
The hobgoblin closely misses you.
You barely miss the hobgoblin. You closely miss the hobgoblin.
An orc priest comes into view. It is wielding a +0 dagger.
The orc priest looks encouraged for a moment.
The goblin closely misses you. The hobgoblin hits you.
You see here a +0 scale mail.
You barely miss the goblin.
The orc priest looks braver for a moment.
The hobgoblin closely misses you. The goblin barely misses you.
The orc priest shouts, "Join the one true god or die!" (press Y on the ability menu to convert to Beogh)
You hit the goblin but do no damage.
The orc priest looks braver for a moment.
The hobgoblin closely misses you.
There are monsters nearby!
You don't know any spells.
Unknown command.
Unknown command.
Unknown command.
You bow before the missionary of Beogh.
You barely miss the goblin.
An orc comes into view. It is wielding a +0 dagger.
The hobgoblin hits you. The goblin hits you but does no damage.
The hobgoblin hits you. The hobgoblin attacks as you move away!
The hobgoblin hits you.
The orc priest invokes the aid of Beogh against you.
Beogh smites you!
You hit the hobgoblin.
You kill the hobgoblin!
The goblin shoots a sling bullet.
The sling bullet hits you.
An orc comes into view. It is wielding a +0 hand axe.
The goblin hits you but does no damage.
You see here a hobgoblin corpse.
You closely miss the goblin.
The orc priest invokes the aid of Beogh against you.
Beogh smites you!
You die...

###..# ##.#
#.# #.### ###.
#...#####.....
###.......#
###..####
#..########
#>.@.......
#.#g######.
#.#o# #.#o#
#.#o. #.### #.


You could see an orc priest, 2 orcs and a goblin.

Vanquished Creatures
  An adder (D:2)
  2 dart slugs (D:1)
  An orc (D:3)
  4 endoplasms
  2 goblins (D:1)
  7 hobgoblins
  3 jackals (D:1)
  4 quokkas
  2 ball pythons (D:1)
  2 bats (D:1)
  2 kobolds (D:1)
  4 rats
34 creatures vanquished.

Notes
Turn   | Place    | Note
-------+----------+-------------------------------------------
     0 | D:1      | hbarley the Hill Orc Wanderer began the quest for the Orb.
     0 | D:1      | hbarley set off with the following items: a +3 short sword,
                  | a +0 sling, a scroll of blinking, a +0 leather armour.
     0 | D:1      | Reached XP level 1. HP: 19/19 MP: 1/1
   109 | D:1      | Reached XP level 2. HP: 27/27 MP: 2/2
   209 | D:1      | Reached skill level 4 in Fighting
   214 | D:1      | Found a faded altar of an unknown god.
   423 | D:1      | Reached XP level 3. HP: 33/33 MP: 3/3
  1064 | D:2      | Noticed Sigmund
  1378 | D:3      | Killed from afar by an orc priest

Illustrated notes

Levels and vault maps discovered:
D:1:      minmay_arrival_glassed_features, layout_loops_cross,
          shapermc_ecumenical_altar_gd
D:2:      layout_basic, uniq_sigmund
D:3:      layout_basic, minmay_lizard_king

Skill      XL: |  1  2 |
---------------+-------+-----
Ranged Weapons | 3 |  3.2
Fighting       | 4 |  4.2
Short Blades   | |  2.7
Armour         | |  1.4
Dodging        | |  0.1
Stealth        | |  1.1

Action                     || total
---------------------------++-------
  Melee: Short sword       ||   109
   Stab: Sleeping          ||     1
 Armour: Leather armour    ||    18
  Dodge: Dodged            ||    58

Table legend: (Time is in decaauts)
 A = Elapsed time spent in this place.
 B = Non-inter-level travel time spent in this place.
 C = Inter-level travel time spent in this place.
 D = Time resting spent in this place.
 E = Time spent auto-exploring this place.
 F = Levels seen in this place.
 G = Mean time per level.
                   A        B        C        D        E       F      G
               +--------+--------+--------+--------+--------+-----+--------+
         Total |   1364 |   1091 |    273 |    146 |    687 |   3 |  454.7 |
       Dungeon |   1364 |   1091 |    273 |    146 |    687 |   3 |  454.7 |
               +--------+--------+--------+--------+--------+-----+--------+

Top non-repeatable levels by time:
     D:1: 848 daAuts
     D:2: 390 daAuts
     D:3: 126 daAuts
